 Dungeon Crawl Stone Soup version 0.28-a0-233-gb8ca4b6547 (webtiles) character file.

Game seed: 16958047447254383950

18 garrulousMonolith the Insei (level 2, -3/18 HPs)
             Began as an Octopode Transmuter on Aug 23, 2021.
             Slain by a hobgoblin (5 damage)
             ... on level 1 of the Dungeon.
             The game lasted 00:01:32 (708 turns).

garrulousMonolith the Insei (Octopode Transmuter)    Turns: 708, Time: 00:01:32

Health: -3/18      AC:  1    Str:  9    XL:     2   Next: 66%
Magic:  4/5        EV: 28    Int: 15    God:
Gold:   0          SH:  0    Dex: 12    Spells: 4/5 levels left

rFire   . . .      SeeInvis .   d - +0 short sword (elec)
rCold   . . .      Faith    .   (no shield)
rNeg    . . .      Spirit   .   (helmet currently unavailable)
rPois   .          Reflect  .   e - amulet of the acrobat
rElec   .          Harm     .   (no ring)
rCorr   .          Rampage  .   (no ring)
Will    .....                   (no ring)
Stlth   +++.......              (no ring)
HPRegen 0.06/turn               (no ring)
MPRegen 0.09/turn               (no ring)
                                (no ring)
                                (no ring)

@: appendages, acrobatic
A: tentacle spike 3, almost no armour, amphibious, 8 rings, camouflage 1,
gelatinous body 1, (nimble swimmer 1), tentacles
a: End Transformation


You were on level 1 of the Dungeon.
One of your tentacles had grown a beastly spike.
You visited 1 branch of the dungeon, and saw 1 of its levels.

Inventory:

Hand Weapons
 d - a +0 short sword of electrocution (weapon)
Missiles
 a - 92 stones (quivered)
 c - 2 boomerangs
Jewellery
 e - an amulet of the acrobat (around mantle)
Potions
 b - a potion of flight {unknown}


   Skills:
 + Level 1.2 Fighting
 + Level 2.1 Dodging
 + Level 1.1 Stealth
 + Level 3.1 Unarmed Combat
 + Level 2.1 Spellcasting
 * Level 2.4 Transmutations


You had 4 spell levels left.
You knew the following spells:

 Your Spells              Type           Power      Damage    Failure   Level
a - Beastly Appendage     Tmut           16%        N/A       9%          1

Your spell library contained the following spells:

 Spells                   Type           Power      Damage    Failure   Level
 Wereblood                Tmut           8%         N/A       12%         2
 Spider Form              Tmut/Pois      2%         N/A       38%         3
 Call Canine Familiar     Summ           1%         N/A       54%         3
 Portal Projectile        Hex/Tloc       2%         N/A       54%         3
 Ice Form                 Ice/Tmut       5%         N/A       80%         4
 Leda's Liquefaction      Hex/Erth       0%         N/A       91%         4


Dungeon Overview and Level Annotations

Branches:
Dungeon (1/15)

Altars:


Innate Abilities, Weirdness & Mutations

One of your tentacles has grown a beastly spike.
You cannot wear most types of armour.
You are amphibious.
You can wear up to eight rings at the same time.
Your skin changes colour to match your surroundings (Stealth+).
Your rubbery body absorbs attacks. (AC +1, EV +1)
((You are camouflaged near water. (Stealth+)))
You have tentacles for arms and can constrict up to eight enemies at once.


Message History

You are too injured to fight recklessly!
You are too injured to fight recklessly!
You are too injured to fight recklessly!
You hit the endoplasm but do no damage.
You pierce the endoplasm, but do no damage.
The endoplasm is heavily wounded.
The frilled lizard unfolds its giant frill.
The hobgoblin hits you. The rat closely misses you. The endoplasm freezes you.
You are frozen.
The hobgoblin barely misses you.
The endoplasm jiggles.
A bat comes into view.
Found an escape hatch in the floor.
Your tentacle spike disappears.
A bat comes into view.
Found a stone staircase leading down.
The bat misses you. The bat misses you. The bat completely misses you.
You hit the rat but do no damage. Lightning courses through the rat!
You kill the rat!
The bat completely misses you.
You hit the endoplasm.
You tentacle-slap the endoplasm, but do no damage.
You squeeze the endoplasm.
You kill the endoplasm!
The bat barely misses you. The bat closely misses you.
The bat barely misses you.
You closely miss the bat. Your grab misses the bat. The bat closely misses you.
The hobgoblin hits you.
You hit the hobgoblin. Your grab misses the hobgoblin.
The hobgoblin is moderately wounded.
The hobgoblin hits you.
* * * LOW HITPOINT WARNING * * *
Casting: Beastly Appendage (safe; 9% risk of failure)
Confirm with . or Enter, or press ? or * to list all spells.
One of your tentacles grows a vicious spike.
The hobgoblin closely misses you. The hobgoblin hits you.
You die...

P≈≈≈≈≈≈≈≈P.....# #..###.#
...............# #..# #.#
............÷..## #..# #.#
..(.............###..###.#
.........≈....#.#....#...#
...........≈..#.#.#.##.###
..............#...#..#.#
...).)....≈≈...#..##.#.#
...........≈...#@.##.#.#
..............bg..##.#.#
..........#...#+#+##.#.#########
.................. #.#.........#
.................. #.########.##
....####...........#.# #.# ....#
#...........#.# #.# l...#
#...........#.# #.# ....#
#.........>.#.# #.#


You could see a hobgoblin and a bat.

Vanquished Creatures
  A bat (D:1)
  4 endoplasms (D:1)
  2 giant cockroaches (D:1)
  3 hobgoblins (D:1)
  3 kobolds (D:1)
  2 rats (D:1)
15 creatures vanquished.

Notes
Turn   | Place    | Note
-------+----------+-------------------------------------------
     0 | D:1      | garrulousMonolith the Octopode Transmuter began the quest
                  | for the Orb.
     0 | D:1      | Reached XP level 1. HP: 13/13 MP: 3/3
   284 | D:1      | Reached XP level 2. HP: 18/18 MP: 3/5
   291 | D:1      | Reached skill level 1 in Stealth
   708 | D:1      | Slain by a hobgoblin

Illustrated notes

Levels and vault maps discovered:
D:1:      giann_bridges, layout_basic, chequers_serial_rivers_micro_c,
          minmay_hexomino_u4

Skill      XL: |  1  2 |
---------------+-------+-----
Stealth        | 1 |  1.1
Fighting       | |  1.2
Dodging        | |  2.1
Unarmed Combat | |  3.1
Spellcasting   | |  2.1
Transmutations | |  2.4

Action                   || total
-------------------------++-------
Melee: Unarmed           ||    16
       Tentacles         ||     7
       Constrict         ||     6
       Kick              ||     4
       Short sword       ||    20
       Punch             ||     1
Throw: Stone             ||     1
 Cast: Beastly Appendage ||     9
 Stab: Sleeping          ||     2
Armor: Skin              ||     2
Dodge: Dodged            ||    41

Table legend: (Time is in decaauts)
 A = Elapsed time spent in this place.
 B = Non-inter-level travel time spent in this place.
 C = Inter-level travel time spent in this place.
 D = Time resting spent in this place.
 E = Time spent auto-exploring this place.
 F = Levels seen in this place.
 G = Mean time per level.
                   A        B        C        D        E       F      G
               +--------+--------+--------+--------+--------+-----+--------+
         Total |    708 |    708 |      0 |    168 |    379 |   1 |  708.0 |
       Dungeon |    708 |    708 |      0 |    168 |    379 |   1 |  708.0 |
               +--------+--------+--------+--------+--------+-----+--------+

Top non-repeatable levels by time:
     D:1: 708 daAuts
